 Dungeon Crawl Stone Soup version 0.25-a0-667-gb977e01cb5 (webtiles) character file.

Game seed: 16371419588187368067, levelgen mode: deterministic

26 n0claF the Skirmisher (level 3, 0/33 HPs)
             Began as a Hill Orc Fighter on Mar 27, 2020.
             Succumbed to a hobgoblin's poison
             ... on level 1 of the Dungeon.
             The game lasted 00:02:19 (425 turns).

n0claF the Skirmisher (Hill Orc Fighter)             Turns: 425, Time: 00:02:20

Health: 0/33       AC:  7    Str: 19    XL:     3   Next: 8%
Magic:  3/3        EV:  7    Int: 12    God:
Gold:   44         SH:  9    Dex: 10    Spells: 2/2 levels left

rFire    . . .     SeeInvis .   a - +0 war axe
rCold    . . .     Gourm    .   c - +0 kite shield
rNeg     . . .     Faith    +   b - +0 scale mail
rPois    .         Spirit   .   j - +1 hat
rElec    .         Reflect  .   (no cloak)
rCorr    .         Harm     .   (no gloves)
MR       .....                  (no boots)
Stlth    ..........             h - amulet of faith {!P}
HPRegen  0.11/turn              (no ring)
MPRegen  0.08/turn              (no ring)

@: lethally poisoned (0 -> -6)
A: antennae 1, clever 2, MP-powered wands
a: no special abilities


You were on level 1 of the Dungeon.
You were not hungry.

You visited 1 branch of the dungeon, and saw 1 of its levels.

You collected 44 gold pieces.

Inventory:

Hand Weapons
 a - a +0 war axe (weapon)
Armour
 b - a +0 scale mail (worn)
 c - a +0 kite shield (worn)
 j - a +1 hat (worn)
   (You found it on level 1 of the Dungeon)
Jewellery
 h - an amulet of faith (around neck) {!P}
   (You found it on level 1 of the Dungeon)
Scrolls
 k - a scroll of immolation {unknown}
Potions
 d - a potion of might
Comestibles
 e - a ration {!d}
 g - 3 chunks of flesh


   Skills:
 + Level 3.9 Fighting
 * Level 3.6 Axes
 + Level 3.5 Armour
 + Level 3.5 Shields


You had 2 spell levels left.
You didn't know any spells.
Your spell library was empty.

Dungeon Overview and Level Annotations

Branches:
Dungeon (1/15)

Altars:


Innate Abilities, Weirdness & Mutations

You have a pair of small antennae on your head.
Your mind is very acute. (Int +4)
You expend magic power (3 MP) to strengthen your wands.


Message History

It was a potion of mutation.
You feel extremely strange.
You feel your magical essence link to the dungeon's wands.
You feel clever. x2; A pair of antennae grows on your head!
* * * LOW HITPOINT WARNING * * *
You feel sick.
Sorry, you're not good enough to have a special ability.
* * * LOW HITPOINT WARNING * * *
You feel sick.
There is a lethal amount of poison in your body!
Unknown command.
* * * LOW HITPOINT WARNING * * *
You feel sick.
Okay, then.
* * * LOW HITPOINT WARNING * * *
You feel sick.
As you read the scroll labeled OGYUXA EPNIH, it crumbles to dust.
It is a scroll of identify.
h - an uncursed amulet of faith
* * * LOW HITPOINT WARNING * * *
You feel sick.
Okay, then.
Keep equipping yourself?
Uppercase [Y]es or [N]o only, please.
Keep equipping yourself?
* * * LOW HITPOINT WARNING * * *
You feel sick.
You start putting on your armour.
You continue putting on your runed hat.
* * * LOW HITPOINT WARNING * * *
You feel sick.
You continue putting on your runed hat.
* * * LOW HITPOINT WARNING * * *
You feel sick.
You continue putting on your runed hat.
* * * LOW HITPOINT WARNING * * *
You feel sick.
You continue putting on your runed hat.
* * * LOW HITPOINT WARNING * * *
You feel sick.
You finish putting on your +1 hat.
You feel a strange surge of divine interest.
h - an amulet of faith (around neck) {!P}
* * * LOW HITPOINT WARNING * * *
You feel sick.
* * * LOW HITPOINT WARNING * * *
You feel sick.
* * * LOW HITPOINT WARNING * * *
You feel sick.
* * * LOW HITPOINT WARNING * * *
You feel sick.
You die...

#......#######....## .
#......#######....##
#..####................###
.............##(..........
#.##.......###.....#.....
#.##...........#######...
#........................
####........##########...
##....@....#####.. #.
#....(.).#........ #.
#..(...###........ ....
#.((...# #........ ....
#..(...###........ ....
#..(.............. ...#
###.##..##.##########.#
###.#..###......... ..
#.....## ##...##### ...


There were no monsters in sight!

Vanquished Creatures
  2 dart slugs (D:1)
  3 giant cockroaches (D:1)
  4 goblins (D:1)
  5 hobgoblins (D:1)
  2 kobolds (D:1)
  A frilled lizard (D:1)
  A rat (D:1)
18 creatures vanquished.

Notes
Turn   | Place    | Note
-------+----------+-------------------------------------------
     0 | D:1      | n0claF the Hill Orc Fighter began the quest for the Orb.
     0 | D:1      | Reached XP level 1. HP: 19/19 MP: 1/1
    47 | D:1      | Reached XP level 2. HP: 22/27 MP: 2/2
   402 | D:1      | Reached XP level 3. HP: 29/33 MP: 3/3
   408 | D:1      | Gained mutation: You expend magic power (3 MP) to
                  | strengthen your wands. [potion of mutation]
   408 | D:1      | Gained mutation: Your mind is acute. (Int +2) [potion of
                  | mutation]
   408 | D:1      | Gained mutation: Your mind is very acute. (Int +4) [potion
                  | of mutation]
   408 | D:1      | Gained mutation: You have a pair of small antennae on your
                  | head. [potion of mutation]
   423 | D:1      | HP: 1/33 [poisoned by a hobgoblin]
   425 | D:1      | Succumbed to a hobgoblin's poison

Levels and vault maps discovered:
D:1:      lightli_arrival_statue_moat, layout_rooms

Skill      XL: |  1 |
---------------+----+-----
Axes           | 3 |  3.6
Fighting       | |  3.9
Armour         | |  3.5
Shields        | |  3.5

Action                   || total
-------------------------++-------
Melee: War axe           ||    50
  Use: Scroll            ||     1
       Potion            ||     1
Armor: Scale mail        ||    18
Dodge: Dodged            ||    10
Block: Kite shield       ||    26

Table legend:
 A = Non-vault XP
 B = Vault XP
 C = Vault XP percentage of total XP
 D = Non-vault monster count
 E = Vault monster count
 F = Vault count percentage of total count
                 A         B        C        D         E       F
            +---------+---------+-------+---------+---------+-------
      Total |      38 |       0 |   0.0 |      18 |       0 |   0.0
            +---------+---------+-------+---------+---------+-------
        D:1 |      38 |       0 |   0.0 |      18 |       0 |   0.0
            +---------+---------+-------+---------+---------+-------
